 Seeded DCSS version 0.30-a0-137-gd8773701ce (webtiles) character file.

Game seed: 11575364757137126996 (custom seed)

124 wilfster70 the Conjurer (level 4, 0/24 HPs)
             Began as a Deep Elf Conjurer on Sept 22, 2022.
             Killed by divine providence
             ... invoked by an orc priest
              (11 damage)
             ... on level 3 of the Dungeon.
             The game lasted 00:06:07 (2278 turns).

wilfster70 the Conjurer (Deep Elf Conjurer)         Turns: 2278, Time: 00:06:08

Health: 0/24       AC:  4    Str:  4    XL:     4   Next: 81%
Magic:  12/12      EV: 12    Int: 25    God:
Gold:   75         SH:  0    Dex: 13    Spells: 9/12 levels left

rFire   . . .      SeeInvis .    a - staff of poison
rCold   . . .      Faith    .    (no shield)
rNeg    . . .      Spirit   .    c - +0 robe
rPois   +          Reflect  .    g - +0 helmet
rElec   .          Harm     .    (no cloak)
rCorr   .          Rampage  .    (no gloves)
Will    .....                    j - +0 pair of boots
Stlth   ++........               (no amulet)
HPRegen 0.08/turn                (no ring)
MPRegen 0.13/turn                (no ring)

@: no status effects
A: no striking features
a: no special abilities


You were on level 3 of the Dungeon.
You visited 1 branch of the dungeon, and saw 3 of its levels.

You collected 75 gold pieces.

Inventory:

Armour
 c - a +0 robe (worn)
 g - a +0 helmet (worn)
 j - a +0 pair of boots (worn)
Magical Staves
 a - a staff of poison (weapon)
Wands
 b - a wand of light (2)
Scrolls
 d - 4 scrolls of identify {unknown}
 e - a scroll of immolation {unknown}
 k - a scroll of fog {unknown}
Potions
 f - 2 potions of heal wounds {unknown}
 h - 3 potions of flight {unknown}
 i - 2 potions of might {unknown}
 l - 2 potions of curing {unknown}


   Skills:
 - Level 2.4 Dodging
 - Level 2.4 Stealth
 + Level 4.6 Spellcasting
 * Level 6.1 Conjurations


You had 9 spell levels left.
You knew the following spells:

 Your Spells              Type           Power      Damage    Failure   Level
a - Magic Dart            Conj           100%       1d8       1%          1
b - Searing Ray           Conj           72%        2d7       1%          2

Your spell library contained the following spells:

 Spells                   Type           Power      Damage    Failure   Level
 Dazzling Flash           Conj/Hex       42%        N/A       8%          3
 Beastly Appendage        Tmut           10%        N/A       9%          1
 Wereblood                Tmut           5%         N/A       13%         2
 Fulminant Prism          Conj/Hex       10%        3d9       24%         4
 Iskenderun's Mystic Bla  Conj/Tloc      21%        2d6       24%         4
 Spider Form              Tmut/Pois      8%         N/A       26%         3


Dungeon Overview and Level Annotations

Branches:
Dungeon (3/15)

Altars:
Yredelemnul


Message History

Casting: Searing Ray (safe; 1% risk of failure)
Confirm with . or Enter, or press ? or * to list all spells.
Aiming: Searing Ray (safe; 1% risk of failure)
Press: ? - help, Shift-Dir - straight line, f - gnoll
Aim: a gnoll, wielding a +0 spear (almost dead, 83% to hit)
The searing ray hits the gnoll.
You kill the gnoll! (Press . to maintain the ray.)
You start resting.
Magic restored.
You see here a +0 spear.
There is a stone staircase leading down here.
You now have 75 gold pieces (gained 8).
You see here a +0 spear.
There is a stone staircase leading down here.
There is a stone staircase leading up here.
Found a stone staircase leading up.
You see here a +0 club.
You see here a +0 dagger.
Things that are here:
a +0 spear; a gnoll skeleton Partly explored, can't reach some places.
(D) Dungeon
Where to? (Enter - D:2, ? - help)
You see here a +0 club.
There is a stone staircase leading down here.
You climb downwards.
The orc priest shouts! x2
Found 6 stones.
Found a stone staircase leading up.
There is a stone staircase leading up here.
There are monsters nearby!
The orc priest calls down the wrath of Beogh upon you.
Beogh smites you!
Ouch! That really hurt!
The orc shouts!
The orc shouts!
The orc priest closely misses you.
The orc priest calls down the wrath of Beogh upon you.
Beogh smites you!
You die...

.<..##.......
#............
#............
#..........(.
#oo..........
###............
.....o.o......#
.......@.....#
############...


You could see 2 orc priests and 2 orcs.

Vanquished Creatures
  7 gnolls (D:2)
  2 adders (D:2)
  2 ball pythons (D:1)
  3 endoplasms (D:1)
  A giant cockroach (D:1)
  2 goblins (D:2)
  7 hobgoblins
  7 jackals
  2 bats
  A frilled lizard (D:1)
  2 kobolds (D:1)
  A rat (D:2)
37 creatures vanquished.

Vanquished Creatures (others)
  11 demonic plants (D:2)
  6 fungi (D:2)
  4 plants (D:2)
  10 withered plants (D:2)
31 creatures vanquished.

Grand Total: 68 creatures vanquished

Notes
Turn   | Place    | Note
-------+----------+-------------------------------------------
     0 | D:1      | wilfster70 the Deep Elf Conjurer began the quest for the
                  | Orb.
     0 | D:1      | Reached XP level 1. HP: 10/10 MP: 6/6
   371 | D:1      | Reached XP level 2. HP: 15/15 MP: 5/8
   546 | D:1      | Learned a level 2 spell: Searing Ray
   612 | D:1      | Reached skill level 5 in Conjurations
   920 | D:2      | Reached XP level 3. HP: 19/19 MP: 5/10
  1008 | D:2      | Found a basalt altar of Yredelemnul.
  1480 | D:2      | Reached XP level 4. HP: 24/24 MP: 8/12
  1803 | D:2      | Found a faded altar of an unknown god.
  1897 | D:2      | Reached skill level 6 in Conjurations
  2278 | D:3      | Killed from afar by an orc priest

Illustrated notes

Levels and vault maps discovered:
D:1:      psy_arrival_dodecagon, layout_basic
D:2:      minmay_evil_eye, layout_basic, shapermc_ecumenical_altar_gd,
          basic_altar
D:3:      layout_rooms, ebering_ghost_rock_garden, kennysheep_donut,
          minmay_misc_feat_iff

Skill      XL: |  1  2  3  4 |
---------------+-------------+-----
Conjurations   | 5 6 |  6.1
Spellcasting   | 4 |  4.6
Dodging        | |  2.4
Stealth        | |  2.4

Action                   |  1- 3 |  4- 6 || total
-------------------------+-------+-------++-------
Melee: Staff             |       |     3 ||     3
 Cast: Magic Dart        |    51 |     8 ||    59
       Searing Ray       |     8 |     7 ||    15
  Use: Potion            |       |     1 ||     1
Armor: Robe              |     3 |     1 ||     4
Dodge: Dodged            |    10 |     6 ||    16

Table legend: (Time is in decaauts)
 A = Elapsed time spent in this place.
 B = Non-inter-level travel time spent in this place.
 C = Inter-level travel time spent in this place.
 D = Time resting spent in this place.
 E = Time spent auto-exploring this place.
 F = Levels seen in this place.
 G = Mean time per level.
                   A        B        C        D        E       F      G
               +--------+--------+--------+--------+--------+-----+--------+
         Total |   2277 |   2241 |     36 |    653 |    833 |   3 |  759.0 |
       Dungeon |   2277 |   2241 |     36 |    653 |    833 |   3 |  759.0 |
               +--------+--------+--------+--------+--------+-----+--------+

Top non-repeatable levels by time:
     D:2: 1404 daAuts
     D:1: 869 daAuts
     D:3: 3 daAuts
